 Dungeon Crawl Stone Soup version 0.16-a0-783-gf476f6a (webtiles) character file.

545 Ratboiler the Spear-Bearer (level 7, -2/50 HPs)
             Began as a Merfolk Skald on Sept 26, 2014.
             Was an Initiate of Ashenzari.
             Slain by a goblin (3 damage)
             ... on Level 5 of the Dungeon.
             The game lasted 00:21:22 (5493 turns).

Ratboiler the Spear-Bearer (Merfolk Skald)          Turns: 5493, Time: 00:21:22

HP  -2/50        AC  5     Str 12      XL: 7   Next: 27%
MP  12/12        EV 18     Int 14      God: Ashenzari [......]
Gold 56          SH  6     Dex 21      Spells:  3 memorised,  4 levels left

rFire  + . .     SeeInvis .     a - +0 spear (curse)
rCold  . . .     Clarity  .     b - +0 leather armour (curse)
rNeg   . . .     rCorr    .     I - +2 buckler "Aleunimpi" {Int+3 Slay+4 Curse}
rPois  .         rRot     .     t - +0 helmet (curse)
rElec  .         Spirit   .     (no cloak)
SustAb .         Warding  .     y - +0 pair of gloves (curse)
rMut   .         Stasis   .     (no boots)
Gourm  .                        (no amulet)
MR     .....                    q - ring of protection from fire
                                p - cursed +3 ring of evasion

@: agile, lethally poisoned, very slightly contaminated, not resistant to
hostile enchantments, fairly stealthy
A: change form in water, swift swim
a: Renounce Religion


You were on level 5 of the Dungeon.
You worshipped Ashenzari.
Ashenzari was noncommittal.
You were full.

You visited 1 branch of the dungeon, and saw 5 of its levels.
You also visited: Ossuary.

You collected 284 gold pieces.
You spent 228 gold pieces at shops.

Inventory:

Hand weapons
 a - a cursed +0 spear (weapon)
 G - a +0 hand crossbow
Missiles
 s - 11 poisoned needles
 H - 17 bolts
Armour
 b - a cursed +0 leather armour (worn)
 t - a cursed +0 helmet (worn)
 y - a cursed +0 pair of gloves (worn)
 I - the cursed +2 buckler "Aleunimpi" (worn) {Int+3 Slay+4 Curse}
   (You bought it in a shop on level 4 of the Dungeon)

   It affects your intelligence (+3).
   It affects your accuracy and damage with ranged weapons and melee attacks
   (+4).
   It may recurse itself when equipped.
   It has a curse placed upon it.
Magical devices
 C - a wand of digging (7)
Comestibles
 d - 6 bread rations
 u - a meat ration
Scrolls
 e - 2 scrolls of identify {unknown}
 h - 3 scrolls of recharging {unknown}
 j - 2 scrolls of noise {unknown}
 n - a scroll of blinking {unknown}
 r - a scroll of amnesia {unknown}
 v - a scroll of enchant weapon {unknown}
 x - a scroll of random uselessness {unknown}
 A - a scroll of magic mapping {unknown}
 L - a scroll of curse weapon
Jewellery
 g - an uncursed amulet of guardian spirit
 p - a cursed +3 ring of evasion (left hand)
 q - a ring of protection from fire (right hand)
 E - an uncursed ring of protection from cold
Potions
 k - a potion of agility
 l - a potion of resistance {unknown}
 m - a potion of flight {unknown}
 o - a potion of magic {unknown}
 w - a potion of heal wounds {unknown}
 z - a potion of poison
 B - a potion of berserk rage {unknown}
 F - a potion of might {unknown}
 K - a potion of confusion {unknown}
Books
 c - a book of Battle

   Spells                             Type                      Level
   *Infusion                          Charms                       1
   *Shroud of Golubria                Charms/Translocation         2
   Song of Slaying                    Charms                       2
   *Spectral Weapon                   Hexes/Charms                 3
   Regeneration                       Charms/Necromancy            3
Magical staves
 D - an uncursed staff of conjuration


   Skills:
 - Level 2.1 Fighting
 + Level 10.8 Polearms
 - Level 0.6 Armour
 - Level 1.3 Dodging
 - Level 2.0 Spellcasting
 - Level 1.2 Hexes
 - Level 3.2 Charms


You had 4 spell levels left.
You knew the following spells:

 Your Spells              Type           Power        Failure   Level  Hunger
a - Infusion              Chrm           ##....       12%         1    ##.....
b - Shroud of Golubria    Chrm/Tloc      #.........   34%         2    ###....
c - Spectral Weapon       Hex/Chrm       #.......     54%         3    ####...


Dungeon Overview and Level Annotations

Branches:
Dungeon (5/15)
 Temple: D:4-7

Altars:
Ashenzari
Elyvilon
Fedhas
Kikubaaqudgha
Sif Muna
Trog
Vehumet
The Shining One

Shops:
D:4 [

Annotations:
D:3 Afay's ghost, average MiFi


Message History

Drink which item? (? for menu, Esc to quit)
You feel agile all of a sudden.
It was a potion of agility.
* * * LOW HITPOINT WARNING * * *
You feel sick. The goblin barely misses you.
Drink which item? (? for menu, Esc to quit)
That liquid tasted very nasty...
You are more poisoned.
It was a potion of poison.
* * * LOW HITPOINT WARNING * * *
You feel sick. You block the goblin's attack.
Unknown command.
Drink which item? (? for menu, Esc to quit)
Okay, then.
Read which item? (? for menu, Esc to quit)
Okay, then.
Drink which item? (? for menu, Esc to quit)
You feel refreshed.
It was a potion of restore abilities.
* * * LOW HITPOINT WARNING * * *
You feel sick. The goblin hits you.
You die...

.........##............. #
.........................
###..........($............
...............####..........
#..............g.5##._..._....
#..........#g#...............
##..........#.#....._..♣.._..
.........K.###5###............
...##.<..#..Kg@#...._..._...
#<.>.###.###......_...#
#.((...#.#...........#
#(.....###........##.#
#.................#
#.........##......#
#.........#########
#########.# #..


You could see a shadow imp, a goblin and a kobold.

Vanquished Creatures
  2 vampire bats (D:5)
  A hippogriff skeleton (D:5)
  An orc priest (D:3)
  A worker ant (D:5)
  4 orc wizards
  An iguana (D:4)
  7 adders
  3 gnolls (D:4)
  Natasha (twice) (D:4)
  2 shadow imps
  A worm (D:4)
  11 orcs
  10 bats
  3 bat skeletons (D:5)
  3 bat zombies (D:5)
  6 giant cockroaches
  8 goblins
  7 hobgoblins
  6 jackals
  12 kobolds
  4 quokkas
  2 giant geckos
  5 giant newts
  A goblin zombie (Ossuary)
  A hobgoblin skeleton (D:4)
  A kobold zombie (D:5)
  8 rats
113 creatures vanquished.

Vanquished Creatures (others)
  A centaur (D:5)
  Natasha (D:4)
  A goblin zombie (Ossuary)
3 creatures vanquished.

Grand Total: 116 creatures vanquished

Notes
Turn   | Place    | Note
--------------------------------------------------------------
     0 | D:1      | Ratboiler, the Merfolk Skald, began the quest for the Orb.
     0 | D:1      | Reached XP level 1. HP: 16/16 MP: 3/3
     0 | D:1      | Noticed a large abomination
     0 | D:1      | Noticed an iron dragon
     1 | D:1      | Noticed a yellow draconian
     1 | D:1      | Noticed a large abomination
     5 | D:1      | Noticed an iron dragon
     6 | D:1      | Noticed a tentacled monstrosity
    10 | D:1      | Noticed a pale draconian
    12 | D:1      | Noticed a pale draconian
    13 | D:1      | Noticed a shadow dragon
    16 | D:1      | Noticed an orb of fire
    16 | D:1      | Noticed an orb of fire
    16 | D:1      | Noticed a tentacled monstrosity
    18 | D:1      | Noticed a shadow dragon
    18 | D:1      | Noticed a golden dragon
    19 | D:1      | Noticed a large abomination
   171 | D:1      | Reached skill level 4 in Polearms
   171 | D:1      | Reached XP level 2. HP: 22/22 MP: 4/4
   726 | D:2      | Reached XP level 3. HP: 27/27 MP: 6/6
   756 | D:2      | Reached skill level 5 in Polearms
   891 | D:2      | Learned a level 2 spell: Shroud of Golubria
   895 | D:2      | Learned a level 3 spell: Spectral Weapon
  1295 | D:2      | Reached skill level 1 in Hexes
  1432 | D:3      | Reached XP level 4. HP: 26/33 MP: 2/7
  1546 | D:3      | Noticed Afay's ghost (average MiFi)
  2016 | D:3      | Reached skill level 6 in Polearms
  2503 | D:3      | Reached skill level 7 in Polearms
  2503 | D:3      | Reached XP level 5. HP: 28/38 MP: 1/9
  3505 | D:4      | Reached skill level 8 in Polearms
  3850 | D:4      | Noticed Natasha
  3866 | D:4      | Killed Natasha
  3866 | D:4      | Reached XP level 6. HP: 23/44 MP: 5/10
  3898 | D:4      | Noticed Natasha
  3910 | D:4      | Killed Natasha
  4264 | D:4      | Noticed Natasha
  4290 | D:4      | Killed Natasha
  4290 | D:4      | Reached skill level 9 in Polearms
  4370 | D:4      | Found Xeakat's Antique Armour Boutique.
  4376 | D:4      | Bought a transparent buckler for 228 gold pieces
  4382 | D:4      | Identified the +2 buckler "Aleunimpi" {Int+3 Slay+4 Curse} (You bought it in a shop on level 4 of the Dungeon)
  4560 | D:5      | Entered Level 5 of the Dungeon
  4798 | D:5      | Found an ancient bone altar of Kikubaaqudgha.
  4923 | D:5      | Reached skill level 10 in Polearms
  4923 | D:5      | Reached XP level 7. HP: 46/50 MP: 3/12
  5235 | D:5      | Found a blossoming altar of Fedhas.
  5236 | D:5      | Found a glowing golden altar of the Shining One.
  5237 | D:5      | Found a bloodstained altar of Trog.
  5237 | D:5      | Found a shattered altar of Ashenzari.
  5238 | D:5      | Found a deep blue altar of Sif Muna.
  5239 | D:5      | Found a radiant altar of Vehumet.
  5241 | D:5      | Found a white marble altar of Elyvilon.
  5245 | D:5      | Became a worshipper of Ashenzari the Shackled
  5258 | D:5      | Found a sand-covered staircase.
  5262 | Ossuary  | Entered an ossuary
  5344 | Ossuary  | Noticed Bubba's ghost (average GrMo)
  5493 | D:5      | HP: 1/50 [poison (a potion of poison)]
  5493 | D:5      | Slain by a goblin

Action                   |  1- 3 |  4- 6 |  7- 9 || total
-------------------------+-------+-------+-------++-------
Melee: Spear             |   140 |   335 |    62 ||   537
 Cast: Infusion          |     5 |    16 |     3 ||    24
       Shroud of Golubri |       |     1 |     2 ||     3
Evoke: Wand              |       |     6 |       ||     6
  Use: Scroll            |       |       |     5 ||     5
       Potion            |       |       |     3 ||     3
 Stab: Sleeping          |       |     1 |       ||     1
  Eat: Chunk             |     2 |     6 |     2 ||    10
       Beef jerky        |       |     2 |       ||     2
       Royal jelly       |       |     1 |       ||     1
       Meat ration       |       |       |     1 ||     1
